 Dungeon Crawl Stone Soup version 0.31.0-11-ge490571c62 (webtiles) character file.

Game seed: 1888665675598856265

135 javelincjr the Trooper (level 4, -7/37 HPs)
             Began as a Demonspawn Gladiator on Jan 29, 2024.
             Mangled by a gnoll
             ... wielding a +0 halberd
              (10 damage)
             ... on level 2 of the Dungeon.
             The game lasted 00:08:39 (1843 turns).

javelincjr the Trooper (Demonspawn Gladiator)       Turns: 1843, Time: 00:08:40

Health: -7/37      AC: 10    Str: 17    XL:     4   Next: 96%
Magic:  4/4        EV: 11    Int:  8    God:
Gold:   150        SH:  0    Dex: 17    Spells: 2/3 levels left

rFire   + . .        r - +3 dagger of Circular Logic {flame, +Blink rF+ Dex+3}
rCold   . . .        (no shield)
rNeg    . . .        o - +0 chain mail
rPois   .            c - +0 helmet
rElec   .            (no cloak)
rCorr   .            (no gloves)
SInv    .            n - +0 pair of boots
Will    .....        (no amulet) Stlth
                     (no ring)
HPRegen 0.26/turn    (no ring)
MPRegen 0.09/turn

%: clarity
@: attractive
A: sturdy frame 2, clarity
a: Evoke Blink


You were on level 2 of the Dungeon.
You visited 1 branch of the dungeon, and saw 2 of its levels.

You collected 150 gold pieces.

Inventory:

Hand Weapons
 a - a +0 trident
 g - a +2 antimagic whip
 k - a +1 heavy hand axe
 r - the +3 dagger of Circular Logic (weapon) {flame, +Blink rF+ Dex+3}
   (You found it on level 2 of the Dungeon)

   Dex+3:     It affects your dexterity (+3).
   rF+:       It protects you from fire.
   +Blink:    It lets you blink.
Missiles
 d - a throwing net
 e - a javelin
 i - 24 stones (quivered)
Armour
 b - a +0 leather armour
 c - a +0 helmet (worn)
 l - a +0 scale mail
 n - a +0 pair of boots (worn)
 o - a +0 chain mail (worn)
 s - a +0 plate armour
Scrolls
 f - a scroll of teleportation {unknown}
 j - a scroll of identify {unknown}
 m - 4 scrolls of vulnerability
 p - a scroll of immolation {unknown}
 q - a scroll of torment {unknown}


   Skills:
 * Level 3.7 Fighting
 + Level 3.4 Polearms
 - Level 1.7 Throwing
 + Level 1.1 Armour
 + Level 3.3 Dodging


You had 2 spell levels left.
You knew the following spells:

 Your Spells              Type           Power      Damage    Failure   Level
a - Magic Dart            Conj           0%         1d3       83%         1

Your spell library contained the following spells:

 Spells                   Type           Power      Damage    Failure   Level
 Apportation              Tloc           0%         N/A       83%         1
 Necrotise                Necr           0%         1d4       83%         1
 Sting                    Conj/Alch      0%         1d3       83%         1
 Summon Small Mammal      Summ           0%         N/A       83%         1
 Searing Ray              Conj           0%         2d4       93%         2
 Fulminant Prism          Conj/Alch      0%         3d5       100%        4


Dungeon Overview and Level Annotations

Branches:
Dungeon (2/15)

Altars:
Trog


Innate Abilities, Weirdness & Mutations

Your movements are less encumbered by armour. (ER -4)
You possess an exceptional clarity of mind.


Message History

The gnoll misses you. The gnoll completely misses you.
You hit the gnoll. You burn the gnoll.
The gnoll is heavily wounded.
The gnoll hits you but does no damage. The gnoll hits you with a +0 club.
You barely miss the gnoll.
The gnoll is heavily wounded.
The gnoll hits you from afar with a +0 halberd.
The gnoll hits you with a +0 club.
You hit the gnoll but do no damage.
The gnoll is heavily wounded.
The gnoll hits you but does no damage. The gnoll barely misses you.
You barely miss the gnoll.
The gnoll is heavily wounded.
The gnoll misses you. The gnoll barely misses you.
You hit the gnoll. You burn the gnoll.
You kill the gnoll!
The gnoll hits you from afar with a +0 halberd.
The gnoll hits you with a +0 halberd.
You see here a +0 club.
You hit the gnoll. You burn the gnoll.
The gnoll is moderately wounded.
The gnoll hits you with a +0 halberd.
You hit the gnoll but do no damage.
The gnoll is moderately wounded.
The gnoll closely misses you.
You closely miss the gnoll.
The gnoll is moderately wounded.
The gnoll hits you with a +0 halberd!
* * * LOW HITPOINT WARNING * * *
You hit the gnoll but do no damage.
The gnoll is moderately wounded.
The gnoll hits you with a +0 halberd!
* * * LOW HITPOINT WARNING * * *
It was a potion of attraction.
You feel attractive to monsters. The gnoll closely misses you.
You hit the gnoll. You burn the gnoll.
The gnoll is moderately wounded.
The gnoll hits you with a +0 halberd!
You die...

#.#.#.... #.#.#.#..
#.#.#.#.. #.#......
#.#...... #.#......
#.##.....
**################.#......
*,.....gg@.........#......
**.#################......
*,* #.........### *,*
*******#.........# *,*
*,,,,,,#...).....### *,*
*,,,,,,#...........[ *,*
*,,,,,,#............
*,****,,,,,,########.....
*,,,,,,,,,,,* #.##..


You could see 2 gnolls.

Vanquished Creatures
  Terence (D:2)
  5 adders (D:2)
  A gnoll (D:2)
  3 dart slugs
  A ribbon worm (D:2)
  5 bats
  2 endoplasms (D:1)
  2 giant cockroaches (D:2)
  4 goblins
  A hobgoblin (D:1)
  A jackal (D:2)
  9 kobolds
  A quokka (D:1)
  5 ball pythons
  5 frilled lizards
  4 rats
50 creatures vanquished.

Notes
Turn   | Place    | Note
-------+----------+-------------------------------------------
     0 | D:1      | javelincjr the Demonspawn Gladiator began the quest for the
                  | Orb.
     0 | D:1      | Reached XP level 1. HP: 16/16 MP: 1/1
   194 | D:1      | Found a faded altar of an unknown god.
   228 | D:1      | Gained mutation: Your movements are slightly less
                  | encumbered by armour. (ER -2) [demonic ancestry]
   228 | D:1      | Reached XP level 2. HP: 20/23 MP: 2/2
   248 | D:1      | Learned a level 1 spell: Magic Dart
  1002 | D:2      | Reached XP level 3. HP: 20/28 MP: 3/3
  1047 | D:2      | Noticed Terence
  1065 | D:2      | Gained mutation: You possess an exceptional clarity of
                  | mind. [potion of mutation]
  1071 | D:2      | Killed Terence
  1202 | D:2      | Gained mutation: Your movements are less encumbered by
                  | armour. (ER -4) [demonic ancestry]
  1202 | D:2      | Reached XP level 4. HP: 32/35 MP: 4/4
  1368 | D:2      | Reached skill level 1 in Armour
  1511 | D:2      | Identified the +3 dagger of Circular Logic {flame, +Blink
                  | rF+ Dex+3}
  1665 | D:2      | Found a bloodstained altar of Trog.
  1843 | D:2      | Mangled by a gnoll

Illustrated notes

Levels and vault maps discovered:
D:1:      evilmike_arrival_crescent, layout_loops_corners,
          hellmonk_ecumenical_altar_lost_god
D:2:      layout_basic, basic_altar, minmay_octomino_c4, uniq_terence

Skill      XL: |  1  2  3  4 |
---------------+-------------+-----
Polearms       | 3 |  3.4
Dodging        | 3 |  3.3
Fighting       | 3 |  3.7
Armour         | 1 |  1.1
Throwing       | |  1.7

Action                     |  1- 3 |  4- 6 || total
---------------------------+-------+-------++-------
  Melee: Trident           |   101 |    60 ||   161
         Punch             |     1 |     2 ||     3
         Dagger            |       |    21 ||    21
  Throw: Throwing net      |     3 |       ||     3
         Stone             |       |     1 ||     1
    Use: Scroll            |     3 |       ||     3
         Potion            |     3 |     1 ||     4
   Stab: Sleeping          |     2 |       ||     2
         Invisible         |     4 |       ||     4
 Armour: Leather armour    |    38 |       ||    38
         Scale mail        |       |    40 ||    40
         Chain mail        |       |    23 ||    23
  Dodge: Dodged            |    46 |    76 ||   122
